 Dungeon Crawl Stone Soup version 0.16-a0-1885-g0f03bb0 (webtiles) character file.

9510 Raurakos the Jinx (level 11, -16/54 HPs)
             Began as a Deep Elf Enchanter on Nov 6, 2014.
             Was a High Priest of Sif Muna.
             Killed by the air
             ... invoked by Gastronok
              (42 damage)
             ... on level 1 of the Lair of Beasts.
             The game lasted 01:16:29 (13385 turns).

Raurakos the Jinx (Deep Elf Enchanter)             Turns: 13385, Time: 01:16:29

Health: -16/54     AC:  4    Str:  5    XL:     11   Next: 24%
Magic:  8/41       EV: 15    Int: 24    God:    Sif Muna [*****.]
Gold:   225        SH:  0    Dex: 15    Spells: 4 memorised, 19 levels left

rFire  . . .     SeeInvis .     a - +0 dagger (elec)
rCold  . . .     Clarity  +     b - +1 robe
rNeg   . . .     SustAb   .     (no shield)
rPois  .         Gourm    .     (no helmet)
rElec  .         Spirit   .     r - +0 cloak
rCorr  .         Warding  .     (no gloves)
rMut   .         Stasis   .     (no boots)
MR     +....                    g - amulet of clarity
Stlth  +++.......               x - ring of magical power
                                (no ring)

@: somewhat resistant to hostile enchantments, fairly stealthy
A: no striking features
a: Channel Energy, Forget Spell, Renounce Religion


You were on level 1 of the Lair of Beasts.
You worshipped Sif Muna.
Sif Muna was extremely pleased with you.
You were not hungry.

You visited 3 branches of the dungeon, and saw 11 of its levels.

You collected 609 gold pieces.
You spent 384 gold pieces at shops.

Inventory:

Hand weapons
 a - a +0 dagger of electrocution (weapon)
Armour
 b - a +1 robe (worn)
 r - a +0 cloak (worn)
Magical staves
 y - an uncursed staff of air
Jewellery
 g - an amulet of clarity (around neck)
 x - a ring of magical power (right hand)
 D - an uncursed ring of see invisible
 I - an uncursed ring of ice
Magical devices
 v - a wand of disintegration (14)
 w - a wand of teleportation (3)
 z - a wand of teleportation (5)
Scrolls
 e - 7 scrolls of remove curse
 j - 3 scrolls of blinking
 k - 4 scrolls of immolation {unknown}
 n - a scroll of silence {unknown}
 o - 6 scrolls of teleportation
 p - a scroll of enchant armour {unknown}
 s - 3 scrolls of enchant weapon {unknown}
 N - a scroll of noise {unknown}
 O - a scroll of recharging {unknown}
Potions
 h - 6 potions of heal wounds
 i - 9 potions of curing
 t - 2 potions of brilliance
 u - a potion of magic
 B - a potion of restore abilities
 C - 2 potions of cure mutation
 G - a potion of agility {unknown}
 H - 2 potions of resistance {unknown}
 J - a potion of degeneration {unknown}
 M - a potion of mutation {unknown}
 P - 2 potions of berserk rage {unknown}
Books
 m - a book of Alchemy

   Spells                             Type                      Level
   Sublimation of Blood               Necromancy                   2
   Alistair's Intoxication            Transmutation/Poison         4
   Condensation Shield                Ice                          4
   Petrify                            Transmutation/Earth          4
   Ignite Poison                      Fire/Transmutation           5
   Irradiate                          Conjuration/Transmutation    5
Comestibles
 c - 2 slices of pizza
 d - 9 bread rations
 f - 3 chunks of flesh
 l - 9 fruits


   Skills:
 + Level 9.7 Short Blades
 - Level 5.0 Dodging
 - Level 5.2 Stealth
 - Level 10.0 Spellcasting
 + Level 8.3 Conjurations
 + Level 12.5 Hexes


You had 19 spell levels left.
You knew the following spells:

 Your Spells              Type           Power        Failure   Level  Hunger
a - Corona                Hex            ######.      1%          1    None
c - Confuse               Hex            ######..     1%          3    None
d - Dazzling Spray        Conj/Hex       ######..     1%          3    None
e - Enslavement           Hex            ######..     1%          4    #......


Dungeon Overview and Level Annotations

Branches:
Dungeon (9/15)             Temple (1/1) D:6            Lair (1/8) D:9
    Orc: D:9-12

Altars:
Ashenzari
Cheibriados
Dithmenos
Elyvilon
Fedhas
Gozag
Kikubaaqudgha
Makhleb
Nemelex Xobeh
Okawaru
Qazlal
Ru
Sif Muna
Trog
Vehumet
Xom
Yredelemnul
Zin
The Shining One

Shops:
D:4 *   D:7 =}   D:9 ?

Annotations:
Lair:1 Gastronok


Message History

What do you say? t - Shout!
Orders for allies: a - Attack new target. p - Attack previous target. r - Retreat! s - Stop attacking. w - Wait here. f - Follow me.
Anything else - Stay silent.
Gang up on whom?
Press: ? - help, Dir - move target cursor, f - Gastronok, p - bat
Aim: Gastronok wearing a runed hat Attack!
Casting: Enslavement
Confirm with . or Enter, or press ? or * to list all spells.
Aiming: Enslavement
Press: ? - help, Shift-Dir - straight line, f/p - Gastronok
Aim: Gastronok wearing a runed hat The green rat is charmed.
Your bat hits Gastronok.
Gastronok waves his eye-stalks in wide circles.
The air twists around and strikes you!
Ouch! That really hurt!
You die...

##...P##......##....## ######
##...##..........###
...#P######.....>........#### ##
........##.#...........#.##P####.
..............................#..
..................(..............
...P.........................##..
...รท.........................##..
................@....#...........
...............r#...P##..........
...............###...###.........
#####.#.####.bP.#.......#..######
#######w............####
##...#.......#...###
#...#........#.....###
#....###......###.....#
#w..####.......# ##...##


You could see Gastronok, a friendly green rat and a friendly bat.

Vanquished Creatures
  A hydra (Lair:1)
  2 wolves (Lair:1)
  The ghost of timbw the Cleaver, an experienced VSBe of Trog (D:8)
  A spiny frog (Lair:1)
  A komodo dragon (Lair:1)
  2 trolls (D:9)
  2 two-headed ogres
  Grinder (D:4)
  Prince Ribbit (D:5)
  Eustachio (D:5)
  6 yaks (D:9)
  3 hippogriffs (D:8)
  2 water moccasins
  A porcupine (Lair:1)
  A sky beast (D:5)
  4 orc warriors
  4 ogres
  An ice beast (D:6)
  3 centaurs
  2 black bears
  3 crocodiles (Lair:1)
  5 giant frogs
  Sigmund (D:2)
  The ghost of timbw the Chopper, an average VSBe of Trog (D:4)
  A scorpion (D:9)
  A quasit (D:8)
  14 crimson imps
  A centaur zombie (D:9)
  A jelly (D:8)
  6 orc priests
  3 goliath beetles
  5 orc wizards
  A giant frog skeleton (D:5)
  6 hounds
  4 iguanas
  4 worker ants
  Ijyb (D:4)
  An ogre skeleton (D:6)
  8 adders
  10 green rats (Lair:1)
  An orc zombie (D:6)
  3 giant mites
  2 white imps (D:9)
  4 shadow imps
  3 worms
  An adder zombie (D:7)
  An orc skeleton (D:6)
  6 giant geckos
  An ooze (D:1)
  36 orcs
  12 bats
  8 giant cockroaches
  15 hobgoblins
  4 giant newts
  2 gnoll zombies (D:7)
  7 goblins
  A goblin skeleton (D:4)
  A hound skeleton (D:8)
  11 jackals
  13 kobolds
  6 quokkas
  13 rats
  A rat skeleton (D:5)
  A rat zombie (D:7)
270 creatures vanquished.

Vanquished Creatures (collateral kills)
  2 wargs (D:9)
  4 wolves (Lair:1)
  An eye of draining (D:8)
  A hound (D:8)
  A jelly (D:8)
  2 orc priests
  2 orc wizards (D:9)
  An iguana (D:8)
  2 orcs
  A goblin (D:6)
  A bat (D:6)
18 creatures vanquished.

Vanquished Creatures (others)
  A hippogriff (D:8)
1 creature vanquished.

Grand Total: 289 creatures vanquished

Notes
Turn   | Place    | Note
--------------------------------------------------------------
     0 | D:1      | Raurakos, the Deep Elf Enchanter, began the quest for the Orb.
     0 | D:1      | Reached XP level 1. HP: 10/10 MP: 5/5
     2 | D:1      | Noticed a vampire
     2 | D:1      | Noticed a naga
     4 | D:1      | Noticed a dwarf
     4 | D:1      | Noticed a demigod
     6 | D:1      | Noticed a minotaur
     6 | D:1      | Noticed a troll
     8 | D:1      | Noticed a tengu
    10 | D:1      | Noticed an ogre
    10 | D:1      | Noticed a formicid
    12 | D:1      | Noticed a spriggan
    12 | D:1      | Noticed a felid
    14 | D:1      | Noticed a vine stalker
    14 | D:1      | Noticed a centaur
    16 | D:1      | Noticed a draconian
    18 | D:1      | Noticed a demonspawn
    18 | D:1      | Noticed a human
    20 | D:1      | Noticed a gargoyle
    22 | D:1      | Noticed a merfolk
    24 | D:1      | Noticed an elf
    26 | D:1      | Noticed a ghoul
    26 | D:1      | Noticed an octopode
   801 | D:1      | Reached XP level 2. HP: 15/15 MP: 4/8
  1698 | D:1      | Reached XP level 3. HP: 16/19 MP: 8/10
  1713 | D:1      | Learned a level 3 spell: Confuse
  1717 | D:1      | Learned a level 3 spell: Dazzling Spray
  2017 | D:2      | Noticed Sigmund
  2028 | D:2      | Killed Sigmund
  2028 | D:2      | Reached skill level 5 in Hexes
  2028 | D:2      | Reached XP level 4. HP: 12/24 MP: 2/13
  2374 | D:2      | Reached XP level 5. HP: 24/28 MP: 8/16
  2576 | D:2      | Reached skill level 6 in Hexes
  2614 | D:2      | Found a deep blue altar of Sif Muna.
  2730 | D:2      | Became a worshipper of Sif Muna the Loreminder
  2793 | D:2      | Found a glowing silver altar of Zin.
  3378 | D:3      | Found a shimmering altar of Xom.
  3388 | D:3      | Found a burning altar of Makhleb.
  3573 | D:3      | Found a sacrificial altar of Ru.
  4239 | D:3      | Reached XP level 6. HP: 32/32 MP: 15/18
  4255 | D:3      | Learned a level 4 spell: Enslavement
  4527 | D:3      | Reached skill level 7 in Hexes
  4674 | D:4      | Noticed Ijyb
  4681 | D:4      | Killed Ijyb
  4689 | D:4      | Noticed timbw's ghost (average VSBe)
  4697 | D:4      | Noticed Grinder
  4712 | D:4      | Killed Grinder
  4712 | D:4      | Reached skill level 5 in Short Blades
  4712 | D:4      | Reached skill level 8 in Hexes
  4712 | D:4      | Reached XP level 7. HP: 36/36 MP: 15/20
  4869 | D:4      | Killed timbw's ghost
  4869 | D:4      | Reached skill level 1 in Conjurations
  5157 | D:4      | Found Twaevaet's Assorted Antiques.
  5681 | D:4      | Acquired Sif Muna's first power
  5911 | D:5      | Entered Level 5 of the Dungeon
  6121 | D:5      | Noticed Prince Ribbit
  6130 | D:5      | Killed Prince Ribbit
  6130 | D:5      | Reached skill level 5 in Spellcasting
  6130 | D:5      | Reached XP level 8. HP: 26/41 MP: 19/24
  6183 | D:5      | Reached skill level 5 in Dodging
  6392 | D:5      | Noticed Eustachio
  6434 | D:5      | Killed Eustachio
  7151 | D:6      | Reached skill level 5 in Stealth
  7223 | D:6      | Acquired Sif Muna's second power
  7320 | D:6      | Reached skill level 5 in Conjurations
  7742 | D:6      | Found a staircase to the Ecumenical Temple.
  7748 | Temple   | Entered the Ecumenical Temple
  7935 | D:6      | Reached XP level 9. HP: 32/45 MP: 24/28
  8277 | D:7      | Found a snail-covered altar of Cheibriados.
  8559 | D:7      | Found Ykeur's Gadget Shop.
  9011 | D:7      | Found Groha's Jewellery Shoppe.
  9028 | D:7      | Bought an uncursed ring of magical power for 240 gold pieces
  9172 | D:7      | Found a basalt altar of Yredelemnul.
  9300 | D:8      | Reached skill level 9 in Hexes
  9342 | D:8      | Noticed timbw's ghost (experienced VSBe)
  9351 | D:8      | Killed timbw's ghost
  9991 | D:8      | Reached skill level 10 in Hexes
 10265 | D:8      | Reached XP level 10. HP: 50/50 MP: 25/31
 10634 | D:9      | Found Dymiqao's Magic Scroll Shop.
 10638 | D:9      | Reached skill level 10 in Spellcasting
 10800 | D:9      | Bought a scroll of teleportation for 48 gold pieces
 10800 | D:9      | Bought a scroll of identify for 32 gold pieces
 10800 | D:9      | Bought a scroll of identify for 32 gold pieces
 10800 | D:9      | Bought a scroll of identify for 32 gold pieces
 11024 | D:9      | Acquired Sif Muna's third power
 11132 | D:9      | Found a staircase to the Lair.
 11164 | D:9      | Reached skill level 11 in Hexes
 11468 | D:9      | Found a white marble altar of Elyvilon.
 11686 | D:9      | Found an iron altar of Okawaru.
 12225 | Lair:1   | Entered Level 1 of the Lair of Beasts
 12259 | Lair:1   | Got a shimmering buckler
 12265 | Lair:1   | Identified the cursed -5 buckler of Nihilism {rElec Slay+5} (You found it on level 1 of the Lair of Beasts)
 12666 | Lair:1   | Reached skill level 12 in Hexes
 12785 | Lair:1   | Reached XP level 11. HP: 54/54 MP: 7/32
 12819 | Lair:1   | Noticed an eight-headed hydra
 12936 | Lair:1   | Killed an eight-headed hydra
 13363 | Lair:1   | Noticed Gastronok
 13385 | Lair:1   | Killed from afar by Gastronok

Action                   |  1- 3 |  4- 6 |  7- 9 | 10-12 || total
-------------------------+-------+-------+-------+-------++-------
Melee: Dagger            |   122 |   129 |   208 |   128 ||   587
Throw: Stone             |     8 |    55 |    13 |       ||    76
 Cast: Corona            |    34 |    34 |    22 |     9 ||    99
       Confuse           |     5 |    21 |    73 |    66 ||   165
       Dazzling Spray    |     2 |     2 |    81 |    81 ||   166
       Enslavement       |       |       |    11 |    15 ||    26
Invok: Channel Energy    |       |       |     5 |     5 ||    10
  Use: Scroll            |       |       |     7 |     6 ||    13
 Stab: Sleeping          |     4 |     4 |    12 |     2 ||    22
       Confused          |     2 |     8 |    26 |    19 ||    55
       Invisible         |       |       |     2 |     4 ||     6
       Distracted        |       |       |     1 |       ||     1
       Betrayed ally     |       |       |       |     1 ||     1
  Eat: Chunk             |     4 |    10 |    21 |     9 ||    44
       Beef jerky        |       |       |       |     1 ||     1
